 Dungeon Crawl Stone Soup version 0.27-a0-95-g5a9077b8ae (webtiles) character file.

Game seed: 5125158891462947277

28069 tacoguy the Warrior (level 13, -14/127 HPs)
             Began as a Minotaur Fighter on Jan 18, 2021.
             Was a Priest of Okawaru.
             Killed from afar by Jorgrun (38 damage)
             ... with an iron shot
             ... on level 2 of the Orcish Mines.
             The game lasted 01:03:53 (14565 turns).

tacoguy the Warrior (Minotaur Fighter)             Turns: 14565, Time: 01:03:54

Health: -14/127    AC: 16    Str: 28    XL:     13   Next: 7%
Magic:  0/12       EV: 16    Int:  7    God:    Okawaru [***...]
Gold:   961        SH: 27    Dex: 19    Spells: 12/12 levels left

rFire    . . .     SeeInvis .   q - +2 war axe (drain)
rCold    + + .     Faith    .   R - +7 tower shield of Wariness {Str+4}
rNeg     + . .     Spirit   +   I - +5 ring mail "Zeutitac" {rPois Dex+7}
rPois    +         Reflect  .   Q - +1 hat
rElec    .         Harm     .   F - +0 cloak
rCorr    .         Rampage  .   p - +0 pair of gloves of the Abyss {rC+}
Will     .....                  (no boots)
Stlth    +.........             J - amulet of guardian spirit
HPRegen  0.31/turn              N - ring of positive energy
MPRegen  0.13/turn              O - ring of poison resistance

@: lethally poisoned (-14 -> -14)
A: retaliatory headbutt, horns 2, clever 1, cold resistance 1
a: Renounce Religion, Heroism


You were on level 2 of the Orcish Mines.
You worshipped Okawaru.
Okawaru was most pleased with you.
You visited 4 branches of the dungeon, and saw 14 of its levels.
You also visited: Sewer and Ossuary.

You collected 1667 gold pieces.
You spent 706 gold pieces at shops.

Inventory:

Hand Weapons
 q - a +2 war axe of draining (weapon)
Missiles
 y - 6 curare-tipped darts (quivered)
 K - 4 atropa-tipped darts
Armour
 p - the +0 pair of gloves of the Abyss (worn) {rC+}
   (You found it on level 9 of the Dungeon)

   It protects you from cold.
 F - a +0 cloak (worn)
 I - the +5 ring mail "Zeutitac" (worn) {rPois Dex+7}
   (You found it on level 8 of the Dungeon)

   It affects your dexterity (+7).
   It protects you from poison.
 Q - a +1 hat (worn)
 R - the +7 tower shield of Wariness (worn) {Str+4}
   (You bought it in a shop on level 7 of the Dungeon)

   It affects your strength (+4).
Magical Staves
 k - an uncursed staff of air
Jewellery
 c - an uncursed ring of positive energy
 m - an uncursed ring of see invisible
 J - an amulet of guardian spirit (around neck)
 M - an uncursed ring of ice
 N - a ring of positive energy (left hand)
 O - a ring of poison resistance (right hand)
Wands
 b - a wand of iceblast (9)
 x - a wand of paralysis (12)
 A - a wand of polymorph (6)
 C - a wand of disintegration (15)
 E - a wand of flame (33)
 H - a wand of enslavement (12)
 U - a wand of digging (5)
Scrolls
 a - 4 scrolls of random uselessness
 e - 9 scrolls of remove curse
 h - 3 scrolls of identify
 l - 8 scrolls of teleportation
 o - 2 scrolls of enchant armour
 r - 4 scrolls of magic mapping
 t - 3 scrolls of blinking
 u - 2 scrolls of immolation {unknown}
 B - 3 scrolls of amnesia {unknown}
 D - a scroll of noise {unknown}
 L - a scroll of vulnerability {unknown}
 P - a scroll of acquirement {unknown}
Potions
 d - a potion of might
 f - 3 potions of haste
 g - 4 potions of berserk rage
 i - 3 potions of flight
 n - 3 potions of attraction
 s - 2 potions of invisibility
 v - 3 potions of curing
 w - 2 potions of resistance {unknown}
 z - 3 potions of brilliance {unknown}
 G - a potion of ambrosia {unknown}
 S - a potion of lignification
Miscellaneous
 T - a condenser vane (inert)


   Skills:
 * Level 15.3 Fighting
 + Level 11.1 Axes
 + Level 11.4 Armour
 + Level 9.9 Dodging
 + Level 11.4 Shields


You had 12 spell levels left.
You didn't know any spells.
Your spell library contained the following spells:

 Spells                   Type           Power        Failure   Level
 Beastly Appendage        Tmut           0%           98%         1
 Magic Dart               Conj           0%           98%         1
 Searing Ray              Conj           0%           99%         2
 Wereblood                Tmut           0%           99%         2
 Dazzling Flash           Conj/Hex       0%           100%        3
 Spider Form              Tmut/Pois      0%           100%        3
 Fulminant Prism          Conj/Hex       0%           100%        4
 Ice Form                 Ice/Tmut       0%           100%        4
 Iskenderun's Mystic Bla  Conj/Tloc      0%           100%        4
 Blade Hands              Tmut           0%           100%        5
 Bolt of Magma            Conj/Fire/Erth 0%           100%        5
 Iskenderun's Battlesphe  Conj           0%           100%        5
 Iron Shot                Conj/Erth      0%           100%        6
 Orb of Destruction       Conj           0%           100%        7
 Spellforged Servitor     Conj/Summ      0%           100%        7


Dungeon Overview and Level Annotations

Branches:
Dungeon (10/15)            Temple (1/1) D:5            Lair (1/6) D:8
    Orc (2/2) D:9           Sewer (visited)         Ossuary (visited)
    Elf: Orc:2

Altars:
Ashenzari
Cheibriados
Dithmenos
Elyvilon
Fedhas
Gozag
Hepliaklqana
Kikubaaqudgha
Makhleb
Nemelex Xobeh
Okawaru
Qazlal
Ru
Sif Muna
Trog
Uskayaw
Vehumet
Wu Jian
Xom
Yredelemnul
Zin
The Shining One
Beogh

Shops:
D:7 [   D:9 [*   D:10 }

Annotations:
Lair:1 exclusion: 3 oklob plants
Orc:2 Jorgrun


Innate Abilities, Weirdness & Mutations

You reflexively headbutt those who attack you in melee.
You have a pair of horns on your head.
Your mind is acute. (Int +2)
Your flesh is cold resistant. (rC+)


Message History

Your surroundings suddenly seem different.
You feel sick.
You start resting.
You feel sick. x14
An orc comes into view. It is wielding a +0 falchion.
An orc is nearby!
You feel sick.
An orc comes into view.
It is wielding a +0 club and quivering 5 silver boomerangs.
The orc shouts!
You hear a shout! x3
An orc warrior comes into view. It is wielding a +0 trident.
The orc shouts!
The orc throws a silver boomerang.
You block the silver boomerang.
The weapon returns to the orc!
You feel sick.
An orc wizard comes into view. It is wielding a +2 dagger of draining.
The orc wizard shouts!
You block Jorgrun's attack.
You feel sick. Jorgrun gestures at you while chanting.
The iron shot hits you!!!
You die...

#.............####
##........#......##
##.................. .
##...................
..##.#...........^......
........................
.$..$$#..................
......o...g.........##.#.
.#..ooo..@..........####..
.#.........................
...........................
........#.<........<.......
...#.....#.................
...$...................#..#
.......))[..............###
.....$.).[...............#
..#$#...<............#..###


You could see Jorgrun, an orc warrior, an orc wizard and 2 orcs.

Vanquished Creatures
  Rupert (Orc:2)
  Nessos (Orc:2)
  Fannar (Lair:1)
  3 hydras
  A centaur warrior (D:8)
  A two-headed ogre (D:8)
  A queen ant (D:8)
  2 orc high priests (Orc:2)
  An unseen horror (D:10)
  3 orc knights
  An orc sorcerer (Orc:2)
  A centaur zombie (D:10)
  2 cane toads (Lair:1)
  Maggie (Lair:1)
  6 komodo dragons (Lair:1)
  3 trolls
  A vampire (D:10)
  3 wyverns
  11 yaks
  2 wargs (Orc:1)
  20 soldier ants (D:8)
  2 water moccasins (Lair:1)
  Purgy (Sewer)
  18 orc warriors
  2 black bears
  2 necrophages (D:9)
  2 sky beasts
  4 wolves (Lair:1)
  An ice beast (D:9)
  14 ogres
  2 centaurs
  A big kobold (D:10)
  7 bullfrogs
  A gnoll sergeant (D:10)
  A wyvern skeleton (D:8)
  5 scorpions
  8 killer bees
  A howler monkey (D:6)
  14 wights
  An electric eel (Lair:1)
  3 bullfrog zombies
  A crimson imp (D:5)
  A quasit (D:6)
  5 hounds
  5 jellies
  19 orc priests
  A gnoll shaman (D:5)
  19 orc wizards
  17 iguanas
  A hell rat (Lair:1)
  26 worker ants
  A hound zombie (D:10)
  A hound skeleton (D:5)
  11 mummies (Ossuary)
  10 gnolls
  8 adders
  A shadow imp (D:9)
  5 white imps
  An ooze (D:6)
  An ufetubus (D:9)
  An adder zombie (D:8)
  A worm (D:5)
  18 leopard geckos
  77 orcs
  6 giant cockroaches
  8 goblins
  7 hobgoblins
  5 jackals
  14 kobolds
  8 quokkas
  A ball python (D:3)
  4 bats
  13 frilled lizards
  2 gnoll skeletons (Ossuary)
  2 goblin skeletons (Ossuary)
  A jackal skeleton (D:6)
  A kobold skeleton (Ossuary)
  A leopard gecko zombie (D:6)
  2 orc skeletons (Ossuary)
  5 rats
  11 rat skeletons (Ossuary)
  3 toadstools (D:1)
481 creatures vanquished.

Vanquished Creatures (others)
  Maurice (D:10)
  A goblin skeleton (Ossuary)
  11 fungi
  14 plants
  2 toadstools (D:1)
29 creatures vanquished.

Grand Total: 510 creatures vanquished

Notes
Turn   | Place    | Note
-------+----------+-------------------------------------------
     0 | D:1      | tacoguy the Minotaur Fighter began the quest for the Orb.
     0 | D:1      | Reached XP level 1. HP: 19/19 MP: 0/0
   231 | D:1      | Gained mutation: Your flesh is cold resistant. (rC+)
                  | [potion of mutation]
   231 | D:1      | Gained mutation: Your mind is acute. (Int +2) [potion of
                  | mutation]
   250 | D:1      | Reached skill level 4 in Fighting
   250 | D:1      | Reached XP level 2. HP: 22/27 MP: 1/1
   669 | D:2      | Found a faded altar of an unknown god.
   800 | D:2      | Noticed an ogre
   818 | D:2      | Reached XP level 3. HP: 26/34 MP: 2/2
  1483 | D:3      | Found a radiant altar of Vehumet.
  1565 | D:3      | Reached skill level 1 in Dodging
  1623 | D:3      | Reached XP level 4. HP: 38/41 MP: 3/3
  1724 | D:3      | Found a glowing silver altar of Zin.
  1739 | D:3      | Reached skill level 5 in Fighting
  1894 | D:3      | Reached XP level 5. HP: 45/48 MP: 4/4
  2415 | D:4      | Reached XP level 6. HP: 56/56 MP: 5/5
  3073 | D:4      | Reached skill level 6 in Fighting
  3073 | D:4      | Reached skill level 5 in Armour
  3073 | D:4      | Reached skill level 5 in Shields
  3528 | D:5      | Entered Level 5 of the Dungeon
  3535 | D:5      | Reached XP level 7. HP: 61/63 MP: 6/6
  3742 | D:5      | Found a staircase to the Ecumenical Temple.
  3876 | D:5      | Noticed a torpor snail
  3878 | D:5      | Found a snail-covered altar of Cheibriados.
  3878 | D:5      | Noticed a torpor snail
  3909 | D:5      | Noticed a torpor snail
  3930 | D:5      | Reached skill level 7 in Fighting
  4064 | D:5      | Found a glowing drain.
  4068 | Sewer    | Entered a sewer
  4127 | Sewer    | Noticed Purgy
  4138 | Sewer    | Killed Purgy
  4386 | D:5      | Reached XP level 8. HP: 73/73 MP: 7/7
  4572 | Temple   | Entered the Ecumenical Temple
  4690 | D:6      | Reached skill level 5 in Axes
  4789 | D:6      | Reached skill level 8 in Fighting
  5241 | D:6      | Found a snail-covered altar of Cheibriados.
  5783 | D:7      | Found a hide-covered altar of Uskayaw.
  6042 | D:7      | Found Nufucl Seam's Armour Emporium.
  6105 | D:7      | Found a burning altar of Makhleb.
  6105 | D:7      | Found a blossoming altar of Fedhas.
  6110 | D:7      | Found an opulent altar of Gozag.
  6206 | D:7      | Found a faded altar of an unknown god.
  6207 | D:7      | Found a bloodstained altar of Trog.
  6364 | D:8      | Found a sand-covered staircase.
  6370 | Ossuary  | Entered an ossuary
  6633 | Ossuary  | Reached skill level 9 in Fighting
  6869 | D:8      | Found a staircase to the Lair.
  6944 | D:8      | Got a spiked ring mail
  6955 | D:8      | Identified the +5 ring mail "Zeutitac" {rPois Dex+7} (You
                  | found it on level 8 of the Dungeon)
  7015 | D:8      | Reached XP level 9. HP: 65/83 MP: 8/8
  7016 | D:8      | Reached skill level 5 in Dodging
  7107 | D:8      | Noticed a queen ant
  7123 | D:8      | Killed a queen ant
  7124 | D:8      | Reached skill level 10 in Fighting
  7387 | D:8      | Reached XP level 10. HP: 94/94 MP: 9/9
  7449 | D:8      | Reached skill level 11 in Fighting
  7675 | D:8      | Found a shimmering blue altar of Sif Muna.
  7905 | D:8      | Noticed a centaur warrior
  7914 | D:8      | Noticed a two-headed ogre
  7914 | D:8      | Killed a centaur warrior
  7919 | D:8      | Killed a two-headed ogre
  7923 | D:8      | Reached skill level 12 in Fighting
  8100 | D:8      | Got a fading chain mail
  8127 | D:8      | Identified the +2 chain mail of the Zebra {Rampage Int+4}
                  | (You found it on level 8 of the Dungeon)
  8238 | D:8      | Got a steaming falchion
  8239 | D:8      | Identified the +1 falchion of Vylliap {vorpal, +Blink Str+4
                  | Int+2} (You found it on level 8 of the Dungeon)
  8316 | Lair:1   | Entered Level 1 of the Lair of Beasts
  8339 | Lair:1   | Noticed a six-headed hydra
  8634 | D:8      | Killed an 11-headed hydra
  8635 | D:8      | Reached XP level 11. HP: 91/105 MP: 8/10
  8880 | Lair:1   | Noticed a six-headed hydra
  8882 | Lair:1   | Noticed an oklob plant
  8882 | Lair:1   | Noticed an oklob plant
  8908 | Lair:1   | Killed a 12-headed hydra
  9178 | Lair:1   | Noticed an oklob plant
  9363 | Lair:1   | Noticed a five-headed hydra
  9375 | Lair:1   | Killed a ten-headed hydra
  9376 | Lair:1   | Reached skill level 13 in Fighting
  9793 | Lair:1   | Noticed Maggie
  9803 | Lair:1   | Killed Maggie
  9931 | Lair:1   | Noticed Fannar
  9947 | Lair:1   | Killed Fannar
  9948 | Lair:1   | Reached skill level 10 in Armour
 10351 | Lair:1   | Reached skill level 10 in Shields
 11017 | D:7      | Bought the +7 tower shield of Wariness {Str+4} for 658 gold
                  | pieces
 11124 | D:9      | Found Cuohyl's Armour Shoppe.
 11169 | D:9      | Found Oseires's General Store.
 11177 | D:9      | Bought a potion of degeneration for 12 gold pieces
 11177 | D:9      | Bought a potion of lignification for 36 gold pieces
 11434 | D:9      | Reached XP level 12. HP: 116/116 MP: 11/11
 11481 | D:9      | Got a pair of polished gloves
 11500 | D:9      | Identified the +0 pair of gloves of the Abyss {rC+} (You
                  | found it on level 9 of the Dungeon)
 11638 | D:9      | Found a staircase to the Orcish Mines.
 11677 | D:9      | Found a roughly hewn altar of Beogh.
 12085 | Orc:1    | Entered Level 1 of the Orcish Mines
 12120 | Orc:1    | Reached skill level 10 in Axes
 12363 | Orc:1    | Reached skill level 14 in Fighting
 12966 | Temple   | Became a worshipper of Warmaster Okawaru
 13149 | D:10     | Entered Level 10 of the Dungeon
 13215 | D:10     | Noticed Maurice
 13226 | D:10     | Killed Maurice
 13280 | D:10     | Found Udghant's Gadget Shoppe.
 13354 | D:10     | Reached * piety under Okawaru
 13910 | D:10     | Got an ichor-stained lajatang
 13916 | D:10     | Identified the +5 lajatang "Cuur" {drain, rC+} (You found
                  | it on level 10 of the Dungeon)
 14060 | Orc:2    | Entered Level 2 of the Orcish Mines
 14060 | Orc:2    | Noticed Rupert
 14062 | Orc:2    | Paralysed by Rupert for 4 turns
 14089 | Orc:2    | Killed Rupert
 14089 | Orc:2    | Reached ** piety under Okawaru
 14468 | Orc:2    | Noticed Nessos
 14487 | Orc:2    | Noticed an orc high priest
 14497 | Orc:2    | Killed an orc high priest
 14498 | Orc:2    | Reached skill level 15 in Fighting
 14504 | Orc:2    | Noticed an orc high priest
 14505 | Orc:2    | Killed Nessos
 14511 | Orc:2    | Reached *** piety under Okawaru
 14516 | Orc:2    | Noticed an orc warlord
 14521 | Orc:2    | Killed an orc high priest
 14522 | Orc:2    | Reached XP level 13. HP: 76/127 MP: 7/12
 14522 | Orc:2    | Noticed Jorgrun
 14565 | Orc:2    | Killed from afar by Jorgrun

Illustrated notes

Levels and vault maps discovered:
D:1:      dpeg_arrival_pits, layout_rooms, minmay_misc_feat_secret_circle,
          minmay_gold_behind_fungi, minmay_surrounded
D:2:      layout_basic, chequers_ecumenical_altar_island, lightli_corner_chamber
D:3:      layout_basic, zin_academy, vehumet_crystals, bh_walls_and_bars
D:4:      layout_basic
D:5:      wander_river, layout_gridville, cheibriados_altar_2,
          minmay_temple_entry_statues_fountains, gup_sewer_entry_spiral,
          serial_bayou_ford_a, chequers_serial_rivers_small_3,
          minmay_fire_ice_demons
D:6:      layout_basic, basic_altar, st_stairs_12
D:7:      layout_rooms, chequers_temple_overflow_minitemple,
          eat_drink_and_be_merry_uskayaw, serial_shops, shop_fountains
D:8:      minmay_the_grid_triangle_9x9_recursive_2
          [minmay_the_grid_triangle_9x9_prize_schism,
          minmay_the_grid_triangle_9x9_skeleton,
          minmay_the_grid_triangle_9x9_longest,
          minmay_the_grid_triangle_9x9_stretched_checkered], layout_cave_pools,
          overflow_temple_1_default, dpeg_oklobed_lair,
          nicolae_ossuary_entry_plus, minivault_29
D:9:      layout_basic, hiddenorc1_lemuel, serial_shops, shop, shop,
          david_defended_altar_orc
D:10:     layout_basic, serial_shops, nicolae_shop_competitors_out_of_business,
          uniq_maurice
Temple:   cyrus_circular_temple
Lair:1:   lemuel_reptile_caves, layout_regular_city, minmay_lair_oklob_chamber,
          uniq_fannar, uniq_maggie
Orc:1:    layout_diamond_mine, nicolae_orc_damp_corner
Orc:2:    st_orc_congregation, layout_caves, nicolae_orc_tapped_out, uniq_sonja,
          uniq_nessos, uniq_rupert, uniq_jorgrun

Skill      XL: |  1  2  3  4  5  6  7  8  9 10 11 12 |
---------------+-------------------------------------+-----
Fighting       | 4 5 6 7 9 10 12 13 15 | 15.3
Armour         | 4 5 6 7 9 10 11 | 11.4
Shields        | 4 5 6 7 9 10 11 | 11.4
Dodging        | 1 2 3 4 6 7 8 9 |  9.9
Axes           | 3 4 6 7 8 9 11 | 11.1

Action                   |  1- 3 |  4- 6 |  7- 9 | 10-12 | 13-15 || total
-------------------------+-------+-------+-------+-------+-------++-------
Melee: War axe           |    91 |    85 |   326 |   603 |     9 ||  1114
       Headbutt          |    12 |    15 |    57 |   176 |     3 ||   263
Invok: Heroism           |       |       |       |     1 |       ||     1
Evoke: Wand              |       |       |       |     1 |       ||     1
       Condenser vane    |       |       |       |     1 |       ||     1
  Use: Scroll            |     5 |     1 |     5 |     4 |     1 ||    16
       Potion            |     1 |       |     1 |     7 |     3 ||    12
 Stab: Confused          |       |       |       |     3 |     3 ||     6
Armor: Scale mail        |    45 |    37 |    74 |       |       ||   156
       Troll leather arm |       |       |     9 |       |       ||     9
       Ring mail         |       |       |    11 |   131 |     1 ||   143
Dodge: Dodged            |    44 |    34 |   130 |   251 |     2 ||   461
Block: Kite shield       |    50 |    41 |   175 |   204 |       ||   470
       Tower shield      |       |       |       |   401 |    22 ||   423

Table legend: (Time is in decaauts)
 A = Elapsed time spent in this place.
 B = Non-inter-level travel time spent in this place.
 C = Inter-level travel time spent in this place.
 D = Time resting spent in this place.
 E = Time spent auto-exploring this place.
 F = Levels seen in this place.
 G = Mean time per level.
                   A        B        C        D        E       F      G
               +--------+--------+--------+--------+--------+-----+--------+
         Total |  14861 |  12838 |   2023 |   2664 |   7118 |  16 |  928.8 |
       Dungeon |  10694 |   8927 |   1767 |   1371 |   5452 |  10 | 1069.4 |
        Temple |     92 |     48 |     44 |      0 |     42 |   1 |   92.0 |
          Lair |   2313 |   2145 |    168 |    851 |    968 |   1 | 2313.0 |
  Orcish Mines |   1089 |   1045 |     44 |    325 |    419 |   2 |  544.5 |
         Sewer |    189 |    189 |      0 |     11 |     53 |   1 |  189.0 |
       Ossuary |    483 |    483 |      0 |    106 |    183 |   1 |  483.0 |
               +--------+--------+--------+--------+--------+-----+--------+

Top non-repeatable levels by time:
  Lair:1: 2313 daAuts
     D:8: 1863 daAuts
     D:9: 1234 daAuts
     D:6: 1137 daAuts
     D:4: 1133 daAuts
     D:5: 1014 daAuts
     D:3: 983 daAuts
     D:7: 968 daAuts
     D:2: 922 daAuts
   Orc:1: 887 daAuts
    D:10: 862 daAuts
     D:1: 574 daAuts
 Ossuary: 483 daAuts
   Orc:2: 202 daAuts
   Sewer: 189 daAuts
